 Dungeon Crawl Stone Soup version 0.26-a0-597-gb535b0901c (webtiles) character file.

Game seed: 1533686820884296545

54343 Superazbuka the Blocker (level 14, -2/138 HPs)
             Began as a Deep Dwarf Fighter on Sept 2, 2020.
             Was the Champion of Makhleb.
             Slain by a wyvern (15 damage)
             ... on level 6 of the Lair of Beasts.
             The game lasted 00:37:43 (14989 turns).

Superazbuka the Blocker (Deep Dwarf Fighter)       Turns: 14989, Time: 00:37:44

Health: -2/138     AC:  7    Str: 26    XL:     14   Next: 34%
Magic:  0/0        EV: 11    Int:  8    God:    Makhleb [******]
Gold:   1071       SH: 14    Dex: 17    Spells: 13/13 levels left

rFire    . . .     SeeInvis .   a - +3 broad axe
rCold    . . .     Faith    .   c - +0 kite shield
rNeg     + . .     Spirit   .   (no armour)
rPois    +         Reflect  .   Y - +2 helmet of the Midnight Sun {Dex+5}
rElec    .         Harm     .   z - +1 cloak
rCorr    +                      A - +0 pair of gloves
MR       ++...                  (no boots)
Stlth    ++........             T - amulet of the Gloaming {Acrobat Slay+2}
HPRegen  0.00/turn              q - ring of poison resistance
MPRegen  0.07/turn              K - ring of resist corrosion

@: non-regenerating
A: damage resistance, heal wounds, negative energy resistance 1, sense
surroundings 2, no regeneration
a: Heal Wounds, Minor Destruction, Lesser Servant of Makhleb, Major Destruction,
Greater Servant of Makhleb, Renounce Religion


You were on level 6 of the Lair of Beasts.
You worshipped Makhleb.
Makhleb was exalted by your worship.
You visited 3 branches of the dungeon, and saw 22 of its levels.

You collected 1587 gold pieces.
You spent 516 gold pieces at shops.

Inventory:

Hand Weapons
 a - a +3 broad axe (weapon)
 Z - a +0 mace
Armour
 c - a +0 kite shield (worn)
 z - a +1 cloak (worn)
 A - a +0 pair of gloves (worn)
 V - a +2 chain mail of cold resistance
 Y - the +2 helmet of the Midnight Sun (worn) {Dex+5}
   (You found it on level 13 of the Dungeon)

   It affects your dexterity (+5).
Jewellery
 g - an uncursed ring of protection from cold
 q - a ring of poison resistance (left hand)
 s - an uncursed amulet of magic regeneration
 J - an uncursed ring of magical power
 K - a ring of resist corrosion (right hand)
 P - an uncursed ring of ice
 T - the amulet of the Gloaming (around neck) {Acrobat Slay+2}
   (You found it on level 11 of the Dungeon)

   [amulet of the acrobat]

   It helps you evade while moving and waiting.
   It affects your accuracy and damage with ranged weapons and melee attacks
   (+2).
 X - an uncursed amulet of reflection {unknown}
Wands
 h - a wand of digging (5)
 x - a wand of disintegration (49)
 y - a wand of random effects (13)
 B - a wand of enslavement (11)
 E - a wand of paralysis (7)
 L - a wand of polymorph (30)
Scrolls
 i - 9 scrolls of fear
 j - 2 scrolls of remove curse
 k - 5 scrolls of fog
 o - a scroll of enchant weapon
 p - a scroll of holy word {unknown}
 r - 3 scrolls of magic mapping
 t - 3 scrolls of enchant armour {unknown}
 u - 5 scrolls of blinking
 w - 4 scrolls of amnesia
 C - a scroll of summoning {unknown}
 M - 3 scrolls of teleportation
 O - a scroll of random uselessness {unknown}
 Q - a scroll of silence {unknown}
 S - a scroll of vulnerability {unknown}
Potions
 b - a potion of berserk rage
 d - 2 potions of might
 e - 6 potions of heal wounds
 f - 2 potions of magic
 l - 4 potions of flight
 m - a potion of brilliance
 n - 2 potions of stabbing
 D - 8 potions of curing
 F - a potion of haste {unknown}
 G - 2 potions of resistance
 H - 3 potions of cancellation
 I - 2 potions of lignification
 N - a potion of mutation
 R - a potion of invisibility
 U - 2 potions of degeneration
 W - 2 potions of ambrosia


   Skills:
 + Level 12.0 Fighting
 + Level 13.7 Axes
 + Level 13.9 Armour
 - Level 0.2 Dodging
 + Level 14.0 Shields


You had 13 spell levels left.
You didn't know any spells.
Your spell library contained the following spells:

 Spells                   Type           Power        Failure   Level
 Beastly Appendage        Tmut           #.....       43%         1
 Corona                   Hex            #......      43%         1
 Ensorcelled Hibernation  Hex/Ice        #.....       58%         2
 Wereblood                Tmut           #.......     58%         2
 Confusing Touch          Hex            #.......     82%         3
 Dazzling Flash           Conj/Hex       #.....       82%         3
 Spider Form              Tmut/Pois      #.........   82%         3
 Static Discharge         Conj/Air       #.......     82%         3
 Tukima's Dance           Hex            #.......     82%         3
 Ice Form                 Ice/Tmut       #.......     99%         4
 Blade Hands              Tmut           #.........   100%        5
 Bolt of Magma            Conj/Fire/Erth #.........   100%        5
 Iskenderun's Battlesphe  Conj           #.......     100%        5
 Lightning Bolt           Conj/Air       #.........   100%        5
 Iron Shot                Conj/Erth      #.........   100%        6
 Malign Gateway           Summ/Tloc      #.........   100%        7
 Monstrous Menagerie      Summ           #.........   100%        7
 Orb of Destruction       Conj           #.........   100%        7
 Spellforged Servitor     Conj/Summ      #.........   100%        7
 Summon Greater Demon     Summ           #.........   100%        7
 Ignition                 Fire           #.........   100%        8
 Summon Horrible Things   Summ           #.........   100%        8
 Shatter                  Erth           #.........   100%        9
 Tornado                  Air            #.........   100%        9


Dungeon Overview and Level Annotations

Branches:
Dungeon (15/15)            Temple (1/1) D:4            Lair (6/6) D:10
 Shoals (0/4) Lair:4       Spider (0/4) Lair:3          Orc (0/2) D:12
 Vaults (0/5) D:13
  Slime: Lair:5-6    Depths: D:15

Altars:
Ashenzari
Cheibriados
Dithmenos
Elyvilon
Fedhas
Gozag
Hepliaklqana
Kikubaaqudgha
Makhleb
Nemelex Xobeh
Okawaru
Qazlal
Ru
Sif Muna
Trog
Uskayaw
Vehumet
Wu Jian
Xom
Yredelemnul
Zin
The Shining One

Shops:
D:7 *   D:8 (   D:11 ?(*[


Innate Abilities, Weirdness & Mutations

You are resistant to damage.
You can heal yourself by infusing magical energy.
You resist negative energy. (rN+)
You passively map the area around you.
You do not regenerate.


Message History

You closely miss the blink frog.
The blink frog is severely wounded.
The blink frog blinks!
The blink frog hits you!
* * * LOW HITPOINT WARNING * * *
You don't have enough innate magic capacity.
You barely miss the blink frog.
The blink frog is severely wounded.
The blink frog closely misses you. You block the blink frog's attack.
The wyvern hisses angrily.
You slice the blink frog!!
You kill the blink frog!
Makhleb accepts your kill.
You feel better.
Your Fighting skill increases to level 12!
Your Shields skill increases to level 14!
The blink frog blinks!
You slash the wyvern!
The wyvern is heavily wounded.
The wyvern bites you!
You die...

* ### ##.##. ,..#,
#####.#####P.#... * *
...# ##.PP..##P........ ,
,,
....####.................
.......#..#.#.#..P.......
,
.......##.######.P.......
, , ...........#
##........ , ...^....#..#
##....... ........@.##
##...... , * .......l#†#*
#...... , ,...........#
###...... , ..........##
#...†.... , ** ,
...........* *#........ ,
...........# #.........
,,, #..........#
##........ ,
*#P........## #........ *
, , , ##.......


You could see a wyvern.

Vanquished Creatures
  Kirke (D:12)
  Snorg (Lair:4)
  Fannar (D:10)
  2 vault guards (D:13)
  A hydra (Lair:5)
  A catoblepas (Lair:2)
  2 centaur warriors
  A death knight (D:15)
  3 two-headed ogres
  2 tengu warriors
  A skeletal warrior (D:15)
  An unseen horror (D:10)
  2 deep elf magi
  2 oklob plants (Lair:4)
  3 ugly things
  3 manticores
  9 elephants
  4 black mambas
  5 torpor snails (Lair:2)
  2 gargoyles
  10 cane toads
  6 rime drakes
  8 komodo dragons
  A troll (D:13)
  2 polar bears (D:9)
  A queen bee (Lair:5)
  3 meliai (Lair:5)
  2 blink frogs (Lair:6)
  A slime creature (D:6)
  An elf zombie (D:15)
  9 hippogriffs
  3 wraiths (D:15)
  2 shadows
  A redback (Lair:3)
  A wyvern (D:10)
  A hog (D:12)
  10 humans (D:13)
  20 yaks
  A fire elemental (Lair:4)
  5 basilisks
  A soldier ant (D:10)
  A warg (Lair:1)
  16 water moccasins
  12 porcupines
  7 orc warriors
  12 ice beasts
  3 sky beasts
  3 eyes of draining
  5 phantoms
  3 black bears
  A necrophage (D:9)
  8 ogres
  13 wolves
  12 centaurs
  12 crocodiles
  2 big kobolds
  11 bullfrogs
  4 scorpions
  30 killer bees (Lair:5)
  12 wights
  8 electric eels
  3 howler monkeys
  2 lava snakes (Lair:4)
  A quasit (D:8)
  8 hounds
  11 jellies
  15 orc priests
  A centaur skeleton (D:7)
  19 orc wizards
  3 bullfrog skeletons
  5 iguanas
  4 hell rats (Lair:5)
  7 worker ants
  A bullfrog simulacrum (D:9)
  2 centaur simulacra
  A hound zombie (D:11)
  2 hound skeletons
  3 worker ant zombies
  7 adders
  3 shadow imps (D:6)
  7 white imps
  5 ufetubi
  14 oozes
  An adder zombie (D:8)
  An adder skeleton (D:6)
  6 worms
  3 dart slugs (D:1)
  An adder simulacrum (D:9)
  14 leopard geckos
  75 orcs
  2 giant cockroaches
  8 goblins
  11 hobgoblins
  21 jackals
  22 kobolds
  9 quokkas
  2 ball pythons
  5 bats
  7 frilled lizards
  A jackal skeleton (D:6)
  A jackal zombie (D:6)
  2 leopard gecko skeletons
  A quokka skeleton (D:7)
  5 rats
633 creatures vanquished.

Vanquished Creatures (others)
  A goblin (D:3)
  20 fungi
  34 plants
55 creatures vanquished.

Grand Total: 688 creatures vanquished

Notes
Turn   | Place    | Note
-------+----------+-------------------------------------------
     0 | D:1      | Superazbuka the Deep Dwarf Fighter began the quest for the
                  | Orb.
     0 | D:1      | Reached XP level 1. HP: 20/20 MP: 1/1
   119 | D:1      | Reached XP level 2. HP: 20/27 MP: 2/2
   124 | D:1      | Found a sparkling altar of Nemelex Xobeh.
   314 | D:1      | Reached XP level 3. HP: 20/34 MP: 3/3
   914 | D:2      | Found a bloodstained altar of Trog.
   934 | D:2      | Reached XP level 4. HP: 27/42 MP: 4/4
  1228 | D:3      | Reached skill level 4 in Shields
  1251 | D:3      | Reached XP level 5. HP: 32/49 MP: 5/5
  1967 | D:4      | Reached XP level 6. HP: 43/57 MP: 4/4
  2278 | D:4      | Reached skill level 5 in Shields
  2467 | D:4      | Reached skill level 5 in Armour
  2703 | D:4      | Found a staircase to the Ecumenical Temple.
  2708 | Temple   | Entered the Ecumenical Temple
  2824 | Temple   | Became a worshipper of Makhleb the Destroyer
  3131 | D:4      | Reached XP level 7. HP: 47/66 MP: 5/5
  3267 | D:5      | Entered Level 5 of the Dungeon
  3337 | D:5      | Reached * piety under Makhleb
  3340 | D:5      | Reached skill level 5 in Axes
  3485 | D:5      | Reached skill level 5 in Fighting
  3485 | D:5      | Reached skill level 6 in Shields
  3485 | D:5      | Reached XP level 8. HP: 60/74 MP: 4/4
  3539 | D:5      | Got an encrusted quarterstaff
  3546 | D:5      | Identified the cursed +1 quarterstaff "Uxzufiet" {venom,
                  | rPois rN+ Int+2 Dex+3} (You found it on level 5 of the
                  | Dungeon)
  4340 | D:6      | Reached skill level 7 in Shields
  4446 | D:6      | Gained mutation: You passively map the area around you.
                  | [Deep Dwarf growth]
  4446 | D:6      | Reached XP level 9. HP: 69/82 MP: 5/5
  4487 | D:6      | Reached ** piety under Makhleb
  4771 | D:7      | Reached *** piety under Makhleb
  4853 | D:7      | Reached skill level 8 in Shields
  5026 | D:7      | Found Uskomo's Assorted Antiques.
  5034 | D:7      | Bought a steel ring for 125 gold pieces
  5307 | D:7      | Found a bloodstained altar of Trog.
  5345 | D:8      | Noticed a two-headed ogre
  5355 | D:8      | Killed a two-headed ogre
  5355 | D:8      | Reached XP level 10. HP: 77/94 MP: 6/6
  5462 | D:8      | Found Wuhegof's Antique Weapon Shoppe.
  5552 | D:8      | Reached **** piety under Makhleb
  5569 | D:8      | Reached skill level 9 in Shields
  6547 | D:10     | Entered Level 10 of the Dungeon
  6647 | D:10     | Noticed Fannar
  6669 | D:10     | Killed Fannar
  6669 | D:10     | Reached skill level 10 in Armour
  6669 | D:10     | Reached skill level 10 in Shields
  6669 | D:10     | Reached XP level 11. HP: 78/104 MP: 7/7
  6692 | D:10     | Reached ***** piety under Makhleb
  6852 | D:10     | Killed an unseen horror
  6898 | D:10     | Reached skill level 10 in Axes
  7200 | D:10     | Found a staircase to the Lair.
  7449 | D:11     | Noticed a two-headed ogre
  7459 | D:11     | Killed a two-headed ogre
  7534 | D:11     | Found Mowkoeke's Magic Scroll Boutique.
  7553 | D:11     | Got an ancient platinum amulet
  7554 | D:11     | Identified the amulet of the Gloaming {Acrobat Slay+2} (You
                  | found it on level 11 of the Dungeon)
  7561 | D:11     | Bought a scroll of blinking for 127 gold pieces
  7659 | D:11     | Found Esso's Armour Emporium.
  7667 | D:11     | Bought a +2 chain mail of cold resistance for 236 gold
                  | pieces
  7739 | D:11     | Found Lapp's General Store.
  7746 | D:11     | Bought a scroll of identify for 28 gold pieces
  7967 | D:11     | Found Iraqidwa's Antique Weapon Shop.
  8192 | D:12     | Noticed a deep elf mage
  8200 | D:12     | Killed a deep elf mage
  8267 | D:12     | Found a staircase to the Orcish Mines.
  8314 | D:12     | Noticed a two-headed ogre
  8334 | D:12     | Killed a two-headed ogre
  8549 | D:13     | Noticed a green ugly thing
  8552 | D:13     | Noticed Kirke
  8575 | D:12     | Killed a green ugly thing
  8680 | D:13     | Noticed a harpy
  8680 | D:13     | Noticed a harpy
  8689 | D:12     | Reached skill level 11 in Shields
  8702 | D:12     | Noticed a lindwurm
  8777 | D:12     | Noticed a sphinx
  8785 | D:12     | Killed Kirke
  8811 | D:13     | Got a bloodstained helmet
  8812 | D:13     | Identified the +2 helmet of the Midnight Sun {Dex+5} (You
                  | found it on level 13 of the Dungeon)
  8877 | D:13     | Found a glowing golden altar of the Shining One.
  8880 | D:13     | Noticed a tengu warrior
  8888 | D:13     | Noticed a tengu warrior
  8907 | D:12     | Killed a tengu warrior
  8907 | D:12     | Reached XP level 12. HP: 54/115 MP: 7/7
  8932 | D:13     | Killed a tengu warrior
  9089 | D:13     | You fall into a shaft and drop 2 floors!
  9089 | D:15     | Entered Level 15 of the Dungeon
  9193 | D:15     | Noticed a death knight
  9231 | D:15     | Killed a death knight
  9236 | D:15     | Reached skill level 10 in Fighting
  9282 | D:15     | Noticed a centaur warrior
  9288 | D:15     | Reached ****** piety under Makhleb
  9289 | D:15     | Killed a centaur warrior
  9315 | D:15     | Noticed a two-headed ogre
  9511 | D:14     | Reached skill level 12 in Shields
  9616 | D:13     | Noticed a centaur warrior
  9621 | D:13     | Killed a centaur warrior
  9638 | D:13     | Noticed a vault guard
  9638 | D:13     | Noticed a vault guard
  9651 | D:13     | Killed a vault guard
  9678 | D:13     | Killed a vault guard
  9713 | D:13     | Found a gate to the Vaults.
  9937 | Lair:1   | Entered Level 1 of the Lair of Beasts
 10062 | Lair:1   | Reached XP level 13. HP: 124/124 MP: 8/8
 10929 | Lair:2   | Found a snail-covered altar of Cheibriados.
 11849 | Lair:3   | Found an opulent altar of Gozag.
 11873 | Lair:3   | Found a hole to the Spider Nest.
 11920 | Lair:3   | Reached skill level 13 in Shields
 12242 | Lair:4   | Noticed Snorg
 12268 | Lair:4   | Killed Snorg
 12280 | Lair:4   | Found a staircase to the Shoals.
 13140 | Lair:4   | You fall into a shaft and drop 1 floor!
 14023 | Lair:5   | Gained mutation: You resist negative energy. (rN+) [Deep
                  | Dwarf growth]
 14023 | Lair:5   | Reached XP level 14. HP: 108/135 MP: 5/5
 14679 | Lair:6   | Entered Level 6 of the Lair of Beasts
 14777 | Lair:5   | HP: 3/136 [eight-headed hydra (13)]
 14983 | Lair:6   | HP: 6/136 [blink frog (4)]
 14985 | Lair:6   | Reached skill level 14 in Shields
 14989 | Lair:6   | Slain by a wyvern

Illustrated notes

Levels and vault maps discovered:
D:1:      co_arrival_two_rings, layout_rooms, nemelex_diamond_rough_becter
D:2:      layout_basic, trog_butcher_becter
D:3:      layout_loops_ring
D:4:      layout_layer_cave, minmay_temple_entry_glassed_door
D:5:      layout_basic, kennysheep_opposing_triangles
D:6:      lemuel_slime, layout_gridville
D:7:      layout_rooms, lightli_temple_of_fire, serial_shops, shop
D:8:      layout_gridville, serial_shops, shop_coins
D:9:      layout_irregular_city, serial_ice, serial_ice_o, serial_ice_a,
          serial_ice_n, serial_ice_g, serial_ice_j, serial_ice_b, serial_ice_h,
          serial_ice_d, serial_ice_f, serial_ice_m
D:10:     layout_roguey, lair_entry_dummy, minmay_microvault, uniq_fannar
D:11:     layout_irregular_city, serial_shops, shop_statue, nicolae_shop_stone,
          shop, kennysheep_little_box
D:12:     layout_rooms, orc_0_dummy
D:13:     layout_rooms, ximxim_vaults_locker_room, basic_altar, uniq_kirke
D:14:     gargoyle_guard, layout_basic, minmay_misc_feat_tiny, grunt_ogre_cave
D:15:     gammafunk_depths_entry_grave, layout_basic
Temple:   kilobyte_greek_temple
Lair:1:   beast_lair_carwin_large_1, layout_cave_pods
Lair:2:   layout_regular_city, minmay_hedge_maze, kennysheep_snail_temple
Lair:3:   layout_concentric_octagons, spider_nest_entry_webs, basic_altar,
          chequers_serial_rivers_small_a, serial_bayou_pond_a,
          lemuel_fruit_tree, infiniplex_staircase_pool_2
Lair:4:   layout_gridlike, minmay_shoals_entry_beasts,
          nicolae_quartered_pool_super, minmay_lair_oklob_chamber,
          serial_bayou_shore_a, uniq_snorg
Lair:5:   regret_index_wax_grids, layout_cave_pods
Lair:6:   wormcave, layout_gridlike, hangedman_lair_tendril_chambers,
          slime_altar_1

Skill      XL: |  1  2  3  4  5  6  7  8  9 10 11 12 13 14 |
---------------+-------------------------------------------+-----
Fighting       | 3 4 5 6 7 8 9 10 11 12 | 12.0
Axes           | 3 4 5 6 8 9 11 12 13 | 13.7
Armour         | 4 5 6 7 8 10 11 12 13 | 13.9
Shields        | 4 5 6 7 8 10 11 12 13 14 | 14.0
Dodging        | |  0.2

Action                   |  1- 3 |  4- 6 |  7- 9 | 10-12 | 13-15 || total
-------------------------+-------+-------+-------+-------+-------++-------
Melee: War axe           |    93 |       |       |       |       ||    93
       Hand axe          |    28 |   189 |   317 |   807 |       ||  1341
       Broad axe         |       |       |       |    26 |   695 ||   721
       Mace              |       |       |       |       |    14 ||    14
 Abil: Heal Wounds       |     1 |     6 |     5 |     8 |    33 ||    53
  Use: Scroll            |     3 |     3 |     6 |    16 |     5 ||    33
       Potion            |       |       |       |       |     1 ||     1
Armor: Scale mail        |    54 |    66 |   102 |   160 |       ||   382
       Chain mail        |       |       |       |   127 |   347 ||   474
       Skin              |       |       |       |       |    38 ||    38
Dodge: Dodged            |    48 |    39 |    75 |   220 |   314 ||   696
Block: Kite shield       |    84 |    94 |   155 |   383 |   631 ||  1347

Table legend: (Time is in decaauts)
 A = Elapsed time spent in this place.
 B = Non-inter-level travel time spent in this place.
 C = Inter-level travel time spent in this place.
 D = Time resting spent in this place.
 E = Time spent auto-exploring this place.
 F = Levels seen in this place.
 G = Mean time per level.
                   A        B        C        D        E       F      G
               +--------+--------+--------+--------+--------+-----+--------+
         Total |  14968 |  14368 |    600 |    778 |   9371 |  22 |  680.4 |
       Dungeon |   9727 |   9281 |    446 |    451 |   5919 |  15 |  648.5 |
        Temple |    156 |    116 |     40 |      0 |    102 |   1 |  156.0 |
          Lair |   5083 |   4969 |    114 |    327 |   3350 |   6 |  847.2 |
               +--------+--------+--------+--------+--------+-----+--------+

Top non-repeatable levels by time:
  Lair:5: 1270 daAuts
     D:4: 1250 daAuts
  Lair:4: 1225 daAuts
    D:10: 882 daAuts
  Lair:1: 856 daAuts
  Lair:2: 848 daAuts
     D:6: 791 daAuts
    D:11: 790 daAuts
     D:9: 784 daAuts
     D:2: 767 daAuts
     D:3: 697 daAuts
     D:5: 658 daAuts
  Lair:3: 632 daAuts
     D:7: 627 daAuts
    D:13: 568 daAuts
